Cogmind - Beta 15 @@@ ROGUE MODE // 2025.07.19 @ 08:28:11 Player: Fazzonamite Result: Destroyed by G-47 Trooper with Particle Gun Performance ------------- Evolutions (0) 0 Regions Visited (2) 400 Robots Destroyed (24) 120 Value Destroyed (439) 439 Prototype IDs (0) 0 Alien Tech Used (0) 0 Bonus (0) 0 TOTAL SCORE: 959 Bonus ------- None Cogmind --------- Core Integrity 0/250 Matter 285/300 Energy 250/250 System Corruption 2% Temperature Hot (270) Movement Rolling (80) Location -10/Mines Parts ------- > --- POWER (1) -------- Ion Engine > --- PROPULSION (2) --- Wheel Wheel > --- UTILITY (2) ------ Small Storage Unit > --- WEAPON (2) ------- Assault Rifle Plasma Flamer > --- INVENTORY (8) ---- Wheel Medium Matter Pod (100) Structural Scanner Light Assault Rifle Datajack Mining Laser Stasis Trap (100%) Stasis Trap (100%) Peak State ------------ > --- POWER ------------ Ion Engine > --- PROPULSION ------- Wheel Wheel > --- UTILITY ---------- Small Storage Unit Seismic Detector > --- WEAPON ----------- Assault Rifle Plasma Flamer > --- INVENTORY -------- Wheel Medium Matter Pod Light Assault Rifle Light Assault Rifle Datajack Mining Laser Stasis Trap Stasis Trap [Rating: 11] Favorites ----------- Power Ion Engine Engine Ion Engine Propulsion Wheel Wheel Wheel Utility Small Storage Unit Device Structural Scanner Storage Small Storage Unit Weapon Assault Rifle Energy Gun Small Laser Ballistic Gun Assault Rifle Special Weapon Plasma Flamer Build | -11 -10 -10 ------- Run | Yrd Mat Min Slots Evolved . | . . . Power . | . . . Propulsion . | . . . Utility . | . . . Weapon . | . . . Parts Attached 22 | 5 11 6 Power 3 | 1 1 1 Engine 3 | 1 1 1 Core . | . . . Reactor . | . . . Propulsion 6 | 2 3 1 Treads . | . . . Leg . | . . . Wheel 6 | 2 3 1 Hover . | . . . Flight . | . . . Utility 5 | 1 2 2 Device 4 | 1 1 2 Storage 1 | . 1 . Processor . | . . . Hackware . | . . . Protection . | . . . Artifact . | . . . Weapon 8 | 1 5 2 Energy Gun 2 | . 2 . Energy Cannon . | . . . Ballistic Gun 5 | 1 3 1 Ballistic Cannon . | . . . Launcher . | . . . Special Weapon 1 | . . 1 Impact Weapon . | . . . Slashing Weapon . | . . . Piercing Weapon . | . . . Special Melee Weapon . | . . . Unidentified Prototypes . | . . . Parts Lost 6 | . 5 1 Power . | . . . Propulsion 3 | . 3 . Utility 2 | . 1 1 Weapon 1 | . 1 . Highest Loss Streak 3 | . 3 1 To Critical Strikes . | . . . Average Backups 5 | 3 5 6 Power . | . 1 . Propulsion 1 | 1 1 1 Utility 1 | . 1 1 Weapon 1 | . 1 1 Tool/Special . | . . . Unused Backups 8 | . . 8 Power . | . . . Propulsion 1 | . . 1 Utility 3 | . . 3 Weapon 3 | . . 3 Tool/Special 1 | . . 1 Average Slot Usage (%) 88 | . 86 94 Engine 14 | . 14 14 Wheel 26 | . 25 28 Device 10 | . 11 8 Storage 10 | . 8 14 Energy Gun 6 | . 6 5 Ballistic Gun 18 | . 18 16 Special Weapon 1 | . . 5 Peak Build Rating 11 | 7 9 11 Average Rating 6 | 4 6 8 On Entrance 4 | . 7 6 Naked Turns . | . . . Heaviest Build 16 | 8 14 16 Greatest Support 26 | 26 26 20 Greatest Overweight (x) 3 | . 3 . Average Overweight (x) . | . . . Largest Inventory Capacity 8 | 5 8 8 Average Capacity 6 | 5 6 8 Most Carried 8 | 5 8 8 Average Carried 5 | 4 5 7 Final Capacity 8 | 5 8 8 Final Carried 8 | 5 6 8 Class Distribution -------------------- 66% | Mutant 33% | Scavenger-Mutant Dominant Class ---------------- Mutant | -10/Materials Scavenger-Mutant | -10/Mines Resources | -11 -10 -10 ----------- Run | Yrd Mat Min Matter Collected 748 | 233 399 116 Remotely . | . . . Salvage Created 735 | 68 497 170 Parts 56 | 8 32 16 Haulers Intercepted . | . . . Recyclers Shooed 2 | . 2 . Parts Field Recycled . | . . . Retrieved Matter . | . . . Parts Self-Destructed . | . . . Prevented . | . . . Kills | -11 -10 -10 ------- Run | Yrd Mat Min Combat Hostiles Destroyed 14 | . 10 4 Guns 14 | . 10 4 Classes Destroyed 6 | 1 5 . Worker 2 | . 1 1 Builder 3 | . 2 1 Tunneler 4 | 3 . 1 Operator 1 | . 1 . Swarmer 6 | . 3 3 Grunt 8 | . 7 1 Best Kill Streak 5 | 1 5 4 Combat Bots Only 4 | . 4 3 Max Kills in Single Turn 1 | 1 1 1 Gunslinging . | . . . Exploded . | . . . Melee . | . . . Uniques/NPCs Destroyed . | . . . Combat | -11 -10 -10 -------- Run | Yrd Mat Min Hostile Shots Fired 106 | . 75 31 Missed 26 | . 20 6 Hits 80 | . 55 25 Projectile 80 | . 55 25 Critical Strikes 1 | . 1 . Damage Taken 896 | . 615 281 Core 252 | . 184 68 Absorbed by Shields . | . . . Core Remaining (%) 100 | 100 . . Volleys Fired 95 | 13 62 20 Largest 2 | 1 2 2 Hottest 120 | 20 60 120 Shots Fired 166 | 13 113 40 Gun 157 | 13 113 31 Cannon . | . . . Launcher . | . . . Special 9 | . . 9 Kinetic 113 | 13 79 21 Thermal 30 | . 11 19 Explosive . | . . . Electromagnetic 23 | . 23 . Robot Hit Streak 12 | 8 12 5 Robot Miss Streak 4 | 3 4 3 Penetration Max . | . . . Secondary Targets . | . . . Shots Hit Robots 100 | 9 72 19 Core Hits 39 | 3 27 9 Critical Kills 1 | . . 1 Critical Parts Destroyed 1 | . 1 . Critical Strikes 3 | . 1 2 Burn 1 | . . 1 Destroy 2 | . 1 1 Melee Attacks . | . . . Impact . | . . . Slashing . | . . . Piercing . | . . . Sneak Attacks . | . . . Combat Hostiles . | . . . Follow-up Attacks . | . . . Damage Inflicted 1275 | 106 919 250 Guns 1022 | 106 748 168 Cannons . | . . . Explosions 171 | . 171 . Melee . | . . . Ramming . | . . . Kinetic 748 | 106 507 135 Thermal 249 | . 134 115 Explosive . | . . . Electromagnetic 278 | . 278 . Impact . | . . . Slashing . | . . . Piercing . | . . . Highest Corruption 2 | . 2 2 Average Corruption 2 | . 2 2 Corruption Purged . | . . . Corruption Blocked . | . . . Effects 10 | . 6 4 Message Errors 5 | . 3 2 Heat Flow Errors 2 | . 1 1 Energy Discharges 1 | . 1 . Parts Rejected 1 | . 1 . Misfires 1 | . . 1 Overload Shots . | . . . Overflow Damage 4 | . 4 . Projectiles . | . . . Explosions 4 | . 4 . Melee . | . . . Knockbacks . | . . . Impact . | . . . Kinetic . | . . . Secondary . | . . . Self-Inflicted Damage 5 | . 5 . Shots 1 | . 1 . Rammed . | . . . Targets Rammed . | . . . Kicked . | . . . Crushed . | . . . Highest Temperature 352 | . 91 352 Average Temperature 75 | . 17 177 Received Heat Transfer 393 | . 303 90 Siege Activations . | . . . Martial Activations . | . . . Shielding Activations . | . . . Robots Disrupted . | . . . Combat Hostiles . | . . . Robots Corrupted . | . . . Combat Hostiles . | . . . Parts Fried 1 | . 1 . Impact Corruptions . | . . . Robots Melted . | . . . Combat Hostiles . | . . . Parts Melted 1 | . 1 . Heat Transferred 990 | . 275 715 Parts Sabotaged . | . . . Parts Stolen . | . . . Parts Stripped . | . . . Power Chain Reactions 1 | . 1 . Alert | -11 -10 -10 ------- Run | Yrd Mat Min Maximum Alert Level . | . . . Low Security (%) 100 | 100 100 100 Level 1 . | . . . Level 2 . | . . . Level 3 . | . . . Level 4 . | . . . Level 5 . | . . . High Security . | . . . Max Security . | . . . Peak Influence 148 | 5 148 60 Initial . | . . . Average 40 | 1 58 18 Influence Increases 498 | 15 348 135 Destroy 0b10 Robot/C 280 | . 200 80 Destroy 0b10 Robot/NC 50 | 15 20 15 Destroy Leader 60 | . 50 10 Trap Triggered on 0b10 30 | . . 30 Disable Machine 30 | . 30 . Destroy Structure 3 | . 3 . Lose Combat Pursuer 45 | . 45 . Influence Decreases 488 | 15 348 125 Time Decay 428 | 15 298 115 Lost Part 60 | . 50 10 Squads Dispatched 2 | . 2 . Investigation . | . . . Extermination . | . . . Reinforcement 2 | . 2 . Assault . | . . . Garrison . | . . . Intercept . | . . . Searches Triggered . | . . . Construction Impeded . | . . . Haulers Reinforced . | . . . Active Scanning Responses . | . . . Cargo Convoy Interrupts . | . . . Stealth | -11 -10 -10 --------- Run | Yrd Mat Min Distress Signals 1 | . 1 . Communications Jammed . | . . . Distress Signals . | . . . Times Spotted 26 | . 21 5 Peak Tracking Total 7 | . 7 3 Tactical Retreats 3 | . 3 . Traps | -11 -10 -10 ------- Run | Yrd Mat Min Traps Triggered 2 | . 2 . Indirectly . | . . . Trap Hack Attempts . | . . . Triggered . | . . . Disarmed . | . . . Reprogrammed . | . . . Reused 3 | . . 3 Traps Extracted . | . . . Installed 3 | . . 3 Triggered 3 | . . 3 Most Traps Carried 2 | . . 2 Machines | -11 -10 -10 ---------- Run | Yrd Mat Min Machines Disabled 2 | . 2 . Max in Single Turn 2 | . 2 . Machines Repaired . | . . . Machines Dismantled . | . . . Machines Sabotaged . | . . . Overloaded Fab Kills . | . . . Hacking | -11 -10 -10 --------- Run | Yrd Mat Min Machines Accessed 2 | . 2 . Terminals 2 | . 2 . Fabricators . | . . . Repair Stations . | . . . Recycling Units . | . . . Scanalyzers . | . . . Garrison Access . | . . . Total Hacks 5 | . 5 . Successful 1 | . 1 . Failed 4 | . 4 . Catastrophic . | . . . Database Lockouts . | . . . Manual . | . . . Terminals 5 | . 5 . Fabricators . | . . . Repair Stations . | . . . Recycling Units . | . . . Scanalyzers . | . . . Garrison Access . | . . . Terminal Hacks 1 | . 1 . Locate Traps 1 | . 1 . Fabricator Hacks . | . . . Repair Station Hacks . | . . . Recycling Unit Hacks . | . . . Scanalyzer . | . . . Garrison Access Hacks . | . . . Unauthorized Hacks . | . . . Terminals . | . . . Fabricators . | . . . Repair Stations . | . . . Recycling Units . | . . . Scanalyzers . | . . . Garrison Access . | . . . Data Cores Recovered . | . . . Used . | . . . Hacking Detections 1 | . 1 . Full Trace Events . | . . . Feedback Events . | . . . Feedback Blocked . | . . . Robot Schematics Acquired . | . . . Robots Built . | . . . Authchips . | . . . Time . | . . . Total Robot Build Rating . | . . . Part Schematics Acquired . | . . . Parts Built . | . . . Authchips . | . . . Time . | . . . Total Part Build Rating . | . . . Parts Repaired . | . . . Time . | . . . Parts Recycled . | . . . Recycled Matter . | . . . Retrieved Matter . | . . . Retrieved Components . | . . . Parts Scanalyzed . | . . . Part Schematics Acquired . | . . . Parts Damaged . | . . . Bothacking | -11 -10 -10 ------------ Run | Yrd Mat Min Used RIF Installer . | . . . Robots Hacked . | . . . Non-combat . | . . . Combat . | . . . Robot Hacks Applied . | . . . Relay Couplers Released . | . . . Fabnet Peak Effective % . | . . . Robots Rewired . | . . . Allies Hacked . | . . . Hacks Repelled . | . . . Allies | -11 -10 -10 -------- Run | Yrd Mat Min Total Allies . | . . . Largest Group . | . . . Highest-Rated Group . | . . . Highest-Rated Ally . | . . . Total Orders . | . . . Ally Attacks . | . . . Total Damage . | . . . Kills . | . . . Allies Corrupted . | . . . Allies Melted . | . . . Intel | -11 -10 -10 ------- Run | Yrd Mat Min Active Infowar (turns) 609 | 22 405 182 Terrain 274 | 22 249 3 Structural 329 | . 329 . Seismic 179 | . . 179 Robot Analysis Total . | . . . Derelict Logs Recovered . | . . . Drone Launches . | . . . Drone Recoveries . | . . . Exploration | -11 -10 -10 ------------- Run | Yrd Mat Min Turns Passed 1139 | 150 704 285 Spaces Moved 777 | 107 466 204 Core 14 | 11 3 . Treads . | . . . Legs . | . . . Wheels 763 | 96 463 204 Hover . | . . . Flight . | . . . Fastest Speed 50 | 50 80 80 Average Speed 87 | 85 90 80 Slowest Speed 200 | 90 200 80 Overloaded Moves . | . . . Propulsion Burnouts . | . . . Robots Hopped . | . . . Potential Cave-ins . | . . . Cave-ins Triggered . | . . . Exploration Rate (%) 40 | 4 57 61 Regions Visited 2 Branch Regions 1 Pre-discovered Areas . | . . . Known Exits Taken . | . . . Unknown Exits Taken 2 | 1 1 . Scrap Searched 1 | . . 1 Spaces Dug . | . . . Terrain Destroyed 2 | . 2 . Melee . | . . . Projectile . | . . . AOE 2 | . 2 . Terrain Rammed . | . . . Walls Destroyed . | . . . Machines Disabled . | . . . Actions | -11 -10 -10 --------- Run | Yrd Mat Min Total 1078 | 150 645 283 Wait 141 | 18 89 34 Move 775 | 106 465 204 Hop . | . . . Pick Up 26 | 8 12 6 Fast Attach 9 | 2 2 5 Attach 13 | 3 10 . Detach 1 | . . 1 Swap 3 | . 1 2 Drop 12 | . 4 8 Fire 95 | 13 62 20 Melee . | . . . Ram . | . . . Kick . | . . . Crush . | . . . Escape Stasis . | . . . Rewire . | . . . Trap 3 | . . 3 Miscellaneous . | . . . Route ------- -11/Scrapyard -10/Materials (discovered 2 exits: [*Mat] / [*Min]) -10/Mines History --------- Turn | Location | Event 10 | -11/Scrapyard | Discovered new exit (range 16) 151 | -11/Scrapyard | Entered Materials 305 | -10/Materials | Build established: Mutant 440 | -10/Materials | Discovered new exit (range 6) 577 | -10/Materials | Core integrity fell below 50% 759 | -10/Materials | Lost 3 parts (2n1w) 787 | -10/Materials | Discovered new exit (range 11) 855 | -10/Materials | Entered Mines 871 | -10/Mines | Found a hidden stash of uninstalled traps 937 | -10/Mines | Core integrity fell below 20% 1019 | -10/Mines | A weapon hastily lodged in a ceiling crevice suddenly fell to the ground 1140 | -10/Mines | Destroyed by G-47 Trooper with Particle Gun Last Messages --------------- 01037_ Dropped Lgt. Assault Rifle. 01038_ Acquired Structural Scanner. 01040_ K-01 Serf collects debris. 01071_ T-07 Excavator is excavating. 01099_ G-34 Mercenary suffers critical hit (Destroy). 01099_ G-34 Mercenary destroyed. 01102_ Seismic Detector destroyed. 01112_ System corrupted: FCS attempts to trigger Assault Rifle. 01112_ System corrupted: Assault Rifle misfires. 01113_ Acquired 12 matter. 01125_ G-47 Trooper suffers critical hit (Burn). 01133_ G-47 Trooper heat damages Lgt. Nuclear Core, Aluminum Leg, Aluminum Leg, Particle Gun. 01134_ G-47 Trooper overheating. 01135_ G-47 Trooper heat short circuits Imp. Heat Sink. 01135_ G-47 Trooper overheating. 01139_ G-47 Trooper heat short circuits Aluminum Leg. 01139_ G-47 Trooper overheating. Map ----- +----------------------------------------------------+ | ??#%=#??????????## ##??????????????????????? | | ??#! #########??# #?????########?????????? | | ??# #??# #???## ##????????? | | ??########## #??# #???## #????????? | | ???????????# #### #???# #????????? | | ??????????## ## #????# ???????????? | | ?????????## ##??## #??????????????? | | ????????## #### #???????????????? | | ???# ### %= #???????????????? | | [ #???????????????? | | ## ##???????????????? | | ### ##????????????????? | | *##?# #??????###????????? | | ## ### ###??# #?????# ????????? | | ?## #??# ##????# #????? #????????? | | ??#### ???# ##?????# #?????# #????????? | | ?????##???# ##??????# #?????# #????????? | | ????????? #???????# #?????# #????????? | | ??????? ##???????# #?????# #????????? | | ??????## ?????????# #?????# ###??????? | | ???????### ?????????# #????## ##?????? | | ?????????## #?????????# #??### #?????? | | ??????????###??????????# #### #?????? | | ???????????????????????# = #####?? | | ???????????????????????# %* ##? | | ???????????????????????##@#### #? | | ???????????????????????## ##?## #? | | ??????????????????????## ##?# #?? | | ?????????????????????## #?# ####?? | | ?????????????????????# #?# ##????? | | ?????????????????????# #?## ####?????? | | ?????????????????????## #??#####????????? | | ??????????????????????# #??????????????? | | ??????????????????????# ?????????????? | | ??????????????????????# g ????????????? | | ??????????????????????## #??????????? | | ???????????????????????## #??????????? | | ????????????????????????## ##??????????? | | ??????????????????????????# ###???????????? | | ??????????????????????????? ##?????????????? | | ??????????????????????????? ??????????????? | | ??????????????????????????? #??????????????? | | ??????????????????????????? #??????????????? | | ???????????????????????????? ??????????????? | | ????????????????????????????????????????????? | | ????????????????????????????????????????????? | | ????????????????????????????????????????????? | | ????????????????????????????????????????????? | | ????????????????????????????????????????????? | | ????????????????????????????????????????????? | +----------------------------------------------------+ Best States ------------- Heat Dissipation 25 Energy Generation 10 Energy Capacity 250 Matter Stores 300 Matter Capacity 300 Sight Range 16 Terrain Scan Range 16 Terrain Scan Density 10 Evasion (%) 50 Item Schematics ----------------- None Robot Schematics ------------------ None Fabricated ------------ Nothing Repaired ---------- Nothing Alien Tech Used ----------------- None Achievements -------------- None Challenges ------------ None Game ------ Seed TowerAdvancedLaser Manual? 0 Play Time 00:22:50 Cumulative 176.0 hours Start 2025.07.19 @ 08:07:39 End 2025.07.19 @ 08:28:11 Sessions 1 Manual Loads 0 Difficulty Rogue Special Mode None Game No. 115 Rogue 115 Adventurer 0 Explorer 0 Win Type - Total 4 Types 3/0/1/0/0/0/0/0/0/0 Lore% 53 Gallery% 52 Achievement% 50 Wizard Run 0 Options --------- Layout 2 ASCII 0 Keyboard 0 Movement Mouse Keybinds 0 Fullscreen 1 Font 48/Smallcaps Map View 55x44 Zoom Use 0% Tactical HUD 1 Map Filters NONE Filters NONE Steam 1 RUN: bac9205e-2338-4791-be1e-c6923e77f951